AoeStats
← GDL Checock10

Arena

508470147Analyzed
4v4 RM · 9d ago on Sep 22, 2026· 42m 11s· 8 players
Game mode
Random Map
Map size
Large (8 player)
Population
200
Speed
Normal
Resources
Standard
Victory
Conquest
Starting age
Dark Age
Ending age
Imperial Age
RankedLock teamsTeams togetherTeam positionsShared explorationLock speedFull tech treeHidden civsTurbo modeCheats
Victory
Defeat
🇺🇸 Saxons · United States
1521
+16
🇳🇱 Byzantines · Netherlands
1479
+17
🇫🇮 Mongols · Finland
1449
+19
🇳🇴 Saxons · Norway
1418
+20
🇨🇴 Danes · Colombia
1605
-23
🇲🇽 Varangians · Mexico
1551
-20
1495
-17
🇲🇽 Italians · Mexico
1375
-12
Dwarf king
10:24 Feudal Age
10:40 Feudal Age
12:00 Double-Bit Axe
14:35 Castle Age
13:40 Horse Collar
15:35 Bow Saw
24:34 Wheelbarrow
25:42 Gold Mining
25:46 Stone Mining
28:00 Gold Shaft Mining
27:28 Heavy Plow
30:23 Imperial Age
28:20 Hand Cart
27:51 Loom
27:51 Town Watch
28:07 Treadmill Crane
28:23 Fletching
29:05 Ballistics
28:27 Pikeman
29:08 Squires
28:52 Crossbowman
29:46 Masonry
29:33 Bodkin Arrow
30:15 Guard Tower
30:40 Arbalester
31:23 Bracer
32:25 Chemistry
31:28 Padded Archer Armor
32:40 Conscription
33:07 Architecture
34:58 Coinage
35:57 Two-Man Saw
35:29 Crop Rotation
35:17 Leather Archer Armor
35:03 Scale Mail Armor
35:13 Forging
35:42 Keep
35:49 Thumb Ring
35:56 Arrowslits
36:08 Murder Holes
37:47 Banking
39:05 Hoardings
43:01 Ring Archer Armor
42:46 Chain Mail Armor
43:07 Iron Casting
42:19 Arson
Window_of_Opportunity
10:45 Feudal Age
14:35 Castle Age
12:51 Horse Collar
15:44 Double-Bit Axe
17:28 Gambesons
17:44 Scale Mail Armor
19:30 Chain Mail Armor
19:43 Squires
23:07 Forging
25:10 Bow Saw
26:33 Loom
29:02 Wheelbarrow
29:03 Stone Mining
29:04 Gold Mining
29:19 Arson
34:54 Imperial Age
33:02 Hand Cart
33:47 Iron Casting
34:55 Gold Shaft Mining
34:46 Heavy Plow
35:49 Stone Shaft Mining
35:06 Elite Varangian Guard
36:12 Conscription
36:26 Logistica
39:12 Plate Mail Armor
39:42 Pikeman
40:48 Halberdier
ManWithScarf
10:03 Feudal Age
14:18 Castle Age
12:06 Horse Collar
13:24 Loom
13:53 Double-Bit Axe
15:50 Bow Saw
15:46 Fletching
23:56 Forging
30:42 Wheelbarrow
34:44 Imperial Age
32:00 Town Watch
33:48 Squires
33:39 Gambesons
35:57 Iron Casting
35:22 Scale Mail Armor
36:10 Conscription
35:13 Shield Wall
35:29 Elite Varangian Guard
35:38 Capped Ram
38:28 Chain Mail Armor
38:15 Siege Ram
40:55 Plate Mail Armor
Ciril
10:41 Feudal Age
11:27 Double-Bit Axe
14:27 Castle Age
12:12 Horse Collar
15:29 Bow Saw
16:08 Heavy Plow
21:54 Wheelbarrow
22:08 Stone Mining
22:22 Gold Mining
23:53 Hand Cart
24:53 Gold Shaft Mining
28:05 Imperial Age
25:36 Fletching
26:50 Ballistics
26:50 Bodkin Arrow
27:39 Padded Archer Armor
27:26 Loom
28:28 Husbandry
28:25 Elite Mangudai
29:06 Bracer
30:06 Chemistry
29:43 Bloodlines
30:21 Conscription
30:21 Leather Archer Armor
30:24 Town Watch
31:37 Parthian Tactics
32:34 Thumb Ring
32:13 Capped Ram
33:42 Drill
33:20 Siege Ram
34:45 Town Patrol
36:12 Heavy Scorpion
40:41 Siege Engineers
40:46 Masonry
41:13 Hoardings
[GDL] MancazoPaTodo!
5:15 Loom
10:52 Feudal Age
15:04 Castle Age
12:55 Double-Bit Axe
13:19 Horse Collar
17:13 Bow Saw
23:23 Heavy Plow
24:01 Gold Mining
26:11 Wheelbarrow
26:29 Town Watch
29:32 Imperial Age
27:29 Scale Barding Armor
27:35 Forging
27:44 Grand Trunk Road
29:10 Chain Barding Armor
29:27 Bloodlines
29:18 Husbandry
30:13 Shatagni
29:37 Heavy Camel Rider
31:07 Plate Barding Armor
31:08 Iron Casting
31:11 Gold Shaft Mining
30:27 Stone Mining
31:04 Conscription
32:31 Imperial Camel Rider
33:30 Scale Mail Armor
34:31 Blast Furnace
33:33 Squires
33:19 Arson
34:30 Stone Shaft Mining
34:28 Chain Mail Armor
34:19 Elite Ghulam
35:21 Conscription
36:14 Fletching
39:59 Hoardings
40:37 Bodkin Arrow
GDL Checock10
11:10 Feudal Age
15:02 Castle Age
13:17 Double-Bit Axe
13:38 Horse Collar
15:56 Bow Saw
15:47 Heavy Plow
18:07 Heavy Plow
19:20 Forging
21:07 Scale Barding Armor
22:23 Husbandry
23:54 Chain Barding Armor
24:51 Bloodlines
24:02 Light Cavalry
25:40 Wheelbarrow
27:12 Hand Cart
27:12 Gold Mining
28:28 Vendel Legacy
28:55 Loom
30:21 Iron Casting
36:14 Imperial Age
36:14 Cavalier
37:31 Plate Barding Armor
37:57 Blast Furnace
37:19 Conscription
[GDL]Cucumber
9:30 Feudal Age
14:41 Castle Age
18:36 Loom
19:32 Wheelbarrow
20:00 Fletching
27:11 Hand Cart
27:42 Gold Mining
27:39 Double-Bit Axe
27:42 Horse Collar
28:00 Town Watch
28:12 Bodkin Arrow
31:51 Imperial Age
29:58 Padded Archer Armor
31:20 Ballistics
30:41 Treadmill Crane
32:40 Leather Archer Armor
32:50 Silk Road
32:41 Stone Mining
34:11 Chemistry
34:24 Bracer
34:55 Ring Archer Armor
35:40 Conscription
34:49 Elite Genoese Crossbowman
35:10 Crossbowman
35:56 Thumb Ring
36:00 Arbalester
[GDL] Capitan Nicky
10:52 Feudal Age
12:15 Double-Bit Axe
12:31 Horse Collar
14:52 Castle Age
14:17 Forging
16:39 Loom
20:04 Town Watch
28:01 Wheelbarrow
29:14 Gold Mining
30:06 Hand Cart
30:47 Heavy Plow
31:19 Bow Saw
34:20 Imperial Age
31:57 Scale Mail Armor
32:12 Squires
33:08 Iron Casting
33:30 Gold Shaft Mining
33:15 Gambesons
33:15 Arson
33:46 Chain Mail Armor
34:34 Elite Varangian Guard
35:49 Plate Mail Armor
36:44 Blast Furnace
Connection lost

Rejoining the realm…

Still unreachable

The connection could not be restored.

Session expired

The server has moved on; the page needs a fresh start.